 Dungeon Crawl Stone Soup version 0.24.0-123-gd5b16e6ec5 (webtiles) character file.

Game seed: 8480464192615878196, levelgen mode: deterministic

44 ANNNA the Conjurer (level 3, -6/19 HPs)
             Began as a Kobold Conjurer on Feb 11, 2020.
             Mangled by a worm (8 damage)
             ... on level 2 of the Dungeon.
             The game lasted 00:10:51 (2337 turns).

ANNNA the Conjurer (Kobold Conjurer)                Turns: 2337, Time: 00:10:51

Health: -6/19      AC:  3    Str:  5    XL:     3   Next: 85%
Magic:  1/6        EV: 15    Int: 17    God:
Gold:   60         SH:  0    Dex: 15    Spells: 5/6 levels left

rFire    . . .     SeeInvis .   p - +0 long sword
rCold    . . .     Gourm    .   (shield restricted)
rNeg     . . .     Faith    .   a - +0 robe
rPois    .         Spirit   .   (no helmet)
rElec    .         Reflect  .   o - +0 cloak
rCorr    .         Harm     .   (no gloves)
MR       .....                  (no boots)
Stlth    ++........             (no amulet)
HPRegen  0.06/turn              (no ring)
MPRegen  0.10/turn              (no ring)

@: no status effects
A: small, carnivore
a: no special abilities


You were on level 2 of the Dungeon.
You were not hungry.

You visited 1 branch of the dungeon, and saw 2 of its levels.

You collected 60 gold pieces.

Inventory:

Hand Weapons
 d - a +3 mace
 e - a +0 club
 p - a +0 long sword (weapon)
Missiles
 f - 12 stones (quivered)
 i - 44 arrows
 j - 10 bolts
 l - 4 large rocks
Armour
 a - a +0 robe (worn)
 o - a +0 cloak (worn)
Scrolls
 g - 2 scrolls of remove curse {unknown}
 k - 2 scrolls of identify
 m - a scroll of fog {unknown}
Potions
 b - 2 potions of curing {unknown}
 h - a potion of agility {unknown}
 n - a potion of heal wounds {unknown}
Comestibles
 c - 2 rations


   Skills:
 + Level 0.3 Maces & Flails
 + Level 2.9 Dodging
 + Level 2.8 Stealth
 + Level 2.3 Spellcasting
 + Level 4.8 Conjurations


You had 5 spell levels left.
You knew the following spells:

 Your Spells              Type           Power        Failure   Level  Hunger
a - Magic Dart            Conj           ###.         2%          1    #......

Your spell library contained the following spells:

 Spells                   Type           Power        Failure   Level  Hunger
 Searing Ray              Conj           ###...       3%          2    ##.....
 Dazzling Spray           Conj/Hex       ##....       21%         3    ###....
 Iskenderun's Mystic Bla  Conj           ###.....     26%         4    #####..
 Force Lance              Conj/Tloc      ##......     56%         4    #####..
 Fulminant Prism          Conj/Hex       ##........   56%         4    #####..


Dungeon Overview and Level Annotations

Branches:
Dungeon (2/15)

Altars:


Innate Abilities, Weirdness & Mutations

You are small and have problems with some larger weapons.
You are carnivorous and can eat meat at any time.


Message History

Aim: a worm (severely wounded)
You throw a stone. The stone barely misses the worm.
Throwing (i - inventory)
f - 13 stones (quivered)
Press: ? - help, Shift-Dir - straight line, f/p - worm
Aim: a worm (severely wounded)
You throw a stone.
The stone hits the worm but does no damage.
The worm is severely wounded.
The worm bites you.
You hit the worm.
The worm is almost dead.
The worm bites you!
Ouch! That really hurt!
* * * LOW HITPOINT WARNING * * *
You hit the worm.
The worm is almost dead.
You barely miss the worm.
The worm is almost dead.
The worm bites you!
You die...

..##.#...............#
..##.#..........(....#
..<..#...............#
..####....รท..........#
## #.........#(...!#
#.........#.....#
#.........#(....#
###########w....#
#@....# #.....# #.(...#
#.....# #.....# #)....#
#.....# #.....#


You could see a worm.

Vanquished Creatures
  An adder (D:2)
  A dart slug (D:1)
  A leopard gecko (D:1)
  A giant cockroach (D:2)
  4 goblins
  5 hobgoblins
  2 ball pythons
  4 bats
  7 frilled lizards
  2 kobolds (D:2)
  4 rats (D:2)
32 creatures vanquished.

Notes
Turn   | Place    | Note
-------+----------+-------------------------------------------
     0 | D:1      | ANNNA the Kobold Conjurer began the quest for the Orb.
     0 | D:1      | Reached XP level 1. HP: 10/10 MP: 3/3
   210 | D:1      | Reached XP level 2. HP: 8/15 MP: 5/5
  1569 | D:2      | Reached XP level 3. HP: 19/19 MP: 4/6
  2337 | D:2      | Mangled by a worm

Levels and vault maps discovered:
D:1:      tarquinn_simple_flora_water_d, layout_basic
D:2:      layout_basic, first_ration

Action                   || total
-------------------------++-------
Melee: Club              ||    41
       Unarmed           ||     1
       Long sword        ||     7
Throw: Stone             ||    20
 Cast: Magic Dart        ||    65
  Use: Scroll            ||     1
  Eat: Ration            ||     1
       Chunk             ||     3
Armor: Robe              ||    10
Dodge: Dodged            ||    47
